 Dungeon Crawl Stone Soup version 0.14.0-15-g6b16f67 (webtiles) character file.

15079 Heini the Basher (level 11, -6/102 HPs)
             Began as a Minotaur Fighter on Apr 18, 2014.
             Was a High Priest of Okawaru.
             Mangled by an orc
             ... wielding a +0,+0 halberd
              (10 damage)
             ... on Level 3 of the Orcish Mines.
             The game lasted 00:59:32 (12443 turns).

Heini the Basher (Minotaur Fighter)                Turns: 12443, Time: 00:59:32

HP  -6/102       AC 21     Str 29      XL: 11   Next: 86%
MP   6/6         EV  5     Int  5      God: Okawaru [*****.]
Gold 848         SH 22     Dex 11 (12) Spells:  0 memorised, 10 levels left

rFire  . . .     SeeInvis .     S - +2 flail (crush)
rCold  + . .     Clarity  .     U - +1 plate armour
rNeg   . . .     Conserve .     z - +1 shield {rC+}
rPois  +         rCorr    .     (helmet restricted)
rElec  .         rRot     .     I - +2 cloak
SustAb . .       Spirit   .     x - +0 pair of gloves
rMut   .         Warding  .     (no boots)
Saprov . . .     Stasis   .     (no amulet)
MR     .....                    O - +2 ring of dexterity
                                R - ring of poison resistance

@: about to teleport, mighty, not resistant to hostile enchantments, extremely
unstealthy
A: retaliatory headbutt, horns 2
a: Heroism, Finesse, Renounce Religion


You were on level 3 of the Orcish Mines.
You worshipped Okawaru.
Okawaru was extremely pleased with you.
You were very hungry.

You visited 3 branches of the dungeon, and saw 15 of its levels.

You collected 848 gold pieces.

Inventory:

Hand weapons
 y - the +4,-5 mace of Jitenian {drain, -Tele rElec}
   (Okawaru gifted it to you on level 10 of the Dungeon)

   A truly terrible weapon, it drains the life of those it strikes.
   It insulates you from electricity.
   It prevents most forms of teleportation.
 S - a +2,+2 flail of crushing (weapon)
Armour
 x - a +0 pair of gloves (worn)
 z - a +1 shield of cold resistance (worn)
 I - a +2 cloak (worn)
 P - a +2 chain mail of magic resistance
 U - a +1 plate armour (worn)
Magical devices
 c - a wand of heal wounds (1)
 e - a wand of enslavement (10)
 h - a wand of fire (3)
 i - a wand of cold (0)
 w - a wand of flame (3)
 Z - a wand of polymorph (11)
Comestibles
 d - 4 bread rations
 f - 6 meat rations
 B - a lemon
 L - an apple
Scrolls
 b - a scroll of fog
 l - a scroll of enchant weapon I
 n - a scroll of recharging
 p - 2 scrolls of blinking
 q - 3 scrolls of teleportation
 r - 4 scrolls of enchant armour
 t - 4 scrolls of remove curse
 u - a scroll of fear
 V - 4 scrolls of identify
Jewellery
 g - a +1 ring of intelligence
 m - a +3 ring of intelligence
 s - an uncursed ring of positive energy
 N - an uncursed amulet of resist mutation
 O - a +2 ring of dexterity (right hand)
 R - a ring of poison resistance (left hand)
Potions
 a - 5 potions of haste
 o - a potion of flight
 A - 4 potions of curing
 F - a potion of magic
 G - a potion of mutation
 J - a potion of degeneration
 K - a potion of paralysis
 T - a potion of might
Books
 X - a book of Conjurations

   Spells                             Type                      Level
   Magic Dart                         Conjuration                  1
   Searing Ray                        Conjuration                  2
   Dazzling Spray                     Conjuration/Hexes            3
   Fulminant Prism                    Conjuration/Hexes            4
   Iskenderun's Mystic Blast          Conjuration                  4
   Iskenderun's Battlesphere          Conjuration/Charms           5
Miscellaneous
 v - a stone of tremors


   Skills:
 * Level 11.0 Fighting
 * Level 13.8 Maces & Flails
 * Level 11.7 Armour
 + Level 8.4 Dodging
 - Level 3.8 Shields
 + Level 1.3 Invocations
 + Level 0.8 Evocations


You had 10 spell levels left.
You didn't know any spells.

Dungeon Overview and Level Annotations

Branches:
Dungeon (10/15)            Temple (1/1) D:6             Orc (4/4) D:10
    Elf: Orc:3-4       Lair: D:8-11

Altars:
Ashenzari
Cheibriados
Dithmenos
Elyvilon
Fedhas
Kikubaaqudgha
Makhleb
Nemelex Xobeh
Okawaru
Trog
Vehumet
Xom
Yredelemnul
Zin
The Shining One

Shops:
D:9 :   Orc:2 (

Annotations:
Orc:1 Maurice
Orc:2 exclusion: oklob plant
Orc:3 Saint Roka


Innate Abilities, Weirdness & Mutations

You reflexively headbutt those who attack you in melee.
You have a pair of horns on your head.


Message History

Evoke which item? (* to show all) (? for menu, Esc to quit)
Zapping:
c - a wand of heal wounds {zapped: 2}
Press: ? - help, Shift-Dir - straight line, f - you You feel much better.
You bludgeon Saint Roka!! You headbutt Saint Roka!
Saint Roka is moderately wounded.
You hit Saint Roka but do no damage.
Saint Roka is moderately wounded.
Saint Roka hits you with a glowing battleaxe!
* * * LOW HITPOINT WARNING * * *
You block the orc's attack.
Drink which item? (? for menu, Esc to quit)
Okay, then.
Read which item? (? for menu, Esc to quit)
As you read the scroll of teleportation, it crumbles to dust.
You feel strangely unstable.
Saint Roka hits you with a glowing battleaxe!
* * * LOW HITPOINT WARNING * * *
The orc hits you from afar with a halberd!
You die...

#####.### ###
##.##....###.##
##...##....#...# ###
#...###...#...##
##.########....#.......#
#....##.###............#
##........#......#....###
###............)#...##.###
###..#.#..#..@o#)[#....##
#..........[)o><......#
##...#..#.##)#).#.....#
##..#.#.##......#.#.##
#.......##.....#####
##.......##....###.##
#.....<..#....#....#
##.................##
###................#


You could see Saint Roka and an orc (frenzied).

Vanquished Creatures
  The ghost of Broswagonist the Cleaver, an experienced HOFi of Beogh (D:8)
  Erolcha (Orc:2)
  Joseph (D:7)
  The ghost of dadoka the Martial Artist, an experienced OpTm of Makhleb (D:6)
  Grinder (D:4)
  A centaur skeleton (D:9)
  Sonja (Orc:2)
  5 polar bears (D:8)
  Prince Ribbit (D:4)
  4 trolls
  7 grizzly bears (D:8)
  3 deep elf magi
  A hog (D:8)
  A wyvern (D:9)
  2 yaks (D:8)
  A hippogriff (D:10)
  A water moccasin (D:8)
  A necrophage (D:9)
  18 orc warriors
  3 black bears
  3 ice beasts
  3 centaurs
  A sky beast (D:10)
  2 giant goldfish (D:10)
  6 ogres
  4 phantoms
  A big kobold (D:10)
  A gnoll sergeant (D:9)
  5 giant frogs
  4 scorpions
  A troll zombie (D:7)
  8 killer bees
  3 electric eels (D:10)
  A crimson imp (D:5)
  A centaur zombie (D:8)
  5 goliath beetles (D:7)
  A quasit (D:9)
  A giant frog zombie (D:5)
  2 jellies
  Crazy Yiuf (D:4)
  14 orc priests
  4 hounds
  A giant frog skeleton (D:9)
  7 worker ants
  A big fish (D:10)
  5 iguanas
  21 orc wizards
  A big kobold zombie (D:8)
  An ogre skeleton (D:4)
  15 gnolls
  2 giant mites
  A shadow imp (D:7)
  9 adders
  4 worms
  An adder skeleton (D:6)
  2 giant eyeballs
  4 giant geckos
  2 oozes
  107 orcs
  2 ball pythons
  8 giant cockroaches
  14 goblins
  19 hobgoblins
  2 jackals (D:10)
  15 kobolds
  6 quokkas
  14 bats
  3 giant newts
  A giant spore (D:6)
  A goblin skeleton (D:4)
  2 orc skeletons
  A quokka skeleton (D:9)
  8 rats
  A rat skeleton (D:6)
  3 ballistomycetes (D:8)
411 creatures vanquished.

Vanquished Creatures (others)
  A giant spore (D:8)
  A ballistomycete (D:6)
2 creatures vanquished.

Grand Total: 413 creatures vanquished

Notes
Turn   | Place    | Note
--------------------------------------------------------------
     0 | D:1      | Heini, the Minotaur Fighter, began the quest for the Orb.
     0 | D:1      | Reached XP level 1. HP: 19/19 MP: 1/1
   577 | D:2      | Reached skill level 4 in Fighting
   577 | D:2      | Reached XP level 2. HP: 27/27 MP: 1/1
   586 | D:2      | Found a shadowy altar of Dithmenos.
   932 | D:2      | Found a burning altar of Makhleb.
  1061 | D:2      | Reached XP level 3. HP: 30/33 MP: 2/2
  1126 | D:3      | Reached skill level 1 in Dodging
  1126 | D:3      | Reached XP level 4. HP: 15/41 MP: 2/2
  1296 | D:3      | Found a shattered altar of Ashenzari.
  1353 | D:3      | Reached skill level 5 in Armour
  1365 | D:3      | Noticed an ice beast
  1374 | D:3      | Killed an ice beast
  1374 | D:3      | Reached XP level 5. HP: 32/47 MP: 2/2
  1632 | D:3      | Found a snail-covered altar of Cheibriados.
  1799 | D:4      | Reached XP level 6. HP: 39/53 MP: 3/3
  1861 | D:4      | Reached skill level 6 in Armour
  1862 | D:4      | Noticed Grinder
  1864 | D:4      | Paralysed by Grinder for 6 turns
  1872 | D:4      | Paralysed by Grinder for 5 turns
  1877 | D:4      | Killed Grinder
  1877 | D:4      | Reached skill level 5 in Fighting
  1877 | D:4      | Reached skill level 5 in Maces & Flails
  1877 | D:4      | Reached XP level 7. HP: 8/61 MP: 3/3
  2312 | D:4      | Noticed an ogre
  2319 | D:4      | Killed an ogre
  2341 | D:4      | Noticed Prince Ribbit
  2353 | D:4      | Killed Prince Ribbit
  2353 | D:4      | Reached skill level 7 in Armour
  2428 | D:4      | Noticed Crazy Yiuf
  2439 | D:4      | Killed Crazy Yiuf
  2608 | D:5      | Entered Level 5 of the Dungeon
  2665 | D:5      | Reached XP level 8. HP: 28/70 MP: 3/3
  3219 | D:5      | Found an ancient bone altar of Kikubaaqudgha.
  3324 | D:5      | Reached skill level 8 in Armour
  3903 | D:6      | Found a white marble altar of Elyvilon.
  4202 | D:6      | Found a staircase to the Ecumenical Temple.
  4203 | D:6      | Noticed dadoka's ghost (experienced OpTm)
  4237 | D:6      | Killed dadoka's ghost
  4237 | D:6      | Reached skill level 5 in Dodging
  4266 | Temple   | Entered the Ecumenical Temple
  4309 | Temple   | Became a worshipper of Warmaster Okawaru
  4798 | D:6      | Reached XP level 9. HP: 50/79 MP: 4/4
  4854 | D:6      | Reached skill level 9 in Armour
  4984 | D:6      | Found a glowing golden altar of the Shining One.
  5084 | D:7      | Noticed Joseph
  5095 | D:7      | Killed Joseph
  5249 | D:7      | Acquired Okawaru's first power
  5466 | D:7      | Paralysed by a giant eyeball for 3 turns
  5915 | D:7      | Reached skill level 10 in Maces & Flails
  6403 | D:8      | Reached XP level 10. HP: 64/91 MP: 5/5
  6428 | D:8      | Found a radiant altar of Vehumet.
  6811 | D:8      | Found a burning altar of Makhleb.
  6843 | D:8      | Noticed Broswagonist's ghost (experienced HOFi)
  6868 | D:8      | Killed Broswagonist's ghost
  7150 | D:8      | Reached skill level 10 in Armour
  7271 | D:8      | Reached skill level 11 in Maces & Flails
  7562 | D:8      | Reached skill level 12 in Maces & Flails
  7579 | D:8      | Reached skill level 10 in Fighting
  7579 | D:8      | Reached skill level 1 in Invocations
  7613 | D:8      | Reached XP level 11. HP: 46/99 MP: 5/5
  7968 | D:9      | Found Arynumypp's Book Emporium.
  8445 | D:9      | Acquired Okawaru's second power
  8455 | D:9      | HP: 5/101 [orc wizard/magic dart (5)]
  8811 | D:10     | Entered Level 10 of the Dungeon
  9062 | D:10     | Reached skill level 13 in Maces & Flails
  9151 | D:10     | Paralysed by a giant eyeball for 4 turns
  9612 | D:10     | Received a gift from Okawaru
  9613 | D:10     | Got a bloodstained mace {god gift}
  9635 | D:10     | Identified the +4,-5 mace of Jitenian {drain, -Tele rElec} (Okawaru gifted it to you on level 10 of the Dungeon)
 10215 | D:10     | Found a staircase to the Orcish Mines.
 10233 | Orc:1    | Entered Level 1 of the Orcish Mines
 10575 | Orc:1    | Noticed Maurice
 10729 | Orc:1    | Found a radiant altar of Vehumet.
 11005 | Orc:2    | Found Cregige's Weapon Shoppe.
 11104 | Orc:2    | Noticed Sonja
 11157 | Orc:2    | Killed Sonja
 11340 | Orc:2    | Noticed Erolcha
 11364 | Orc:2    | Killed Erolcha
 11991 | Orc:4    | Entered Level 4 of the Orcish Mines
 11991 | Orc:4    | Noticed Saint Roka
 12443 | Orc:3    | HP: 4/102 [Saint Roka/glowing battleaxe (15)]
 12443 | Orc:3    | Mangled by an orc

Action                   |  1- 3 |  4- 6 |  7- 9 | 10-12 || total
-------------------------+-------+-------+-------+-------++-------
Melee: Flail             |    82 |   113 |   153 |   797 ||  1145
       Morningstar       |       |       |   279 |    13 ||   292
Invok: Heroism           |       |       |       |     4 ||     4
Evoke: Wand              |       |       |     7 |     3 ||    10
  Use: Potion            |       |     1 |       |     3 ||     4
       Scroll            |       |       |     8 |    14 ||    22
